 Dungeon Crawl Stone Soup version 0.20.1-1-g8b1a95d (webtiles) character file.

26004 Golfball the Fighter (level 13, -1/85 HPs)
             Began as a Gargoyle Fighter on Aug 30, 2017.
             Was a High Priest of Cheibriados.
             Slain by a komodo dragon (9 damage)
             ... on level 12 of the Dungeon.
             The game lasted 01:04:23 (14248 turns).

Golfball the Fighter (Gargoyle Fighter)            Turns: 14248, Time: 01:04:24

Health: -1/85      AC: 37    Str: 34    XL:     13   Next: 23%
Magic:  12/21      EV: 12    Int: 25    God:    Cheibriados [*****.]
Gold:   371        SH: 12    Dex: 29    Spells: 12/12 levels left

rFire    . . .     SeeInvis .   C - +3 morningstar
rCold    + . .     Gourm    .   v - +0 buckler
rNeg     + . .     Faith    .   M - +3 plate armour of Ru's Vengeance {Int+3}
rPois    ∞         Spirit   .   K - +0 helmet
rElec    +         Reflect  +   k - +1 cloak
rCorr    .         Harm     .   o - +1 pair of gloves {Dex+3}
MR       +....                  J - +2 pair of boots {Fly}
Stlth    ..........             T - +4 amulet of reflection
Regen    0.3/turn               I - ring of protection from magic
MPRegen  0.2/turn               r - ring of protection from cold

@: flying, very slow
A: negative energy resistance 1, electricity resistance, unbreathing,
petrification resistance, rot immunity, AC +9
a: Bend Time, Temporal Distortion, Slouch, Step From Time, Renounce Religion,
Stop Flying


You were on level 12 of the Dungeon.
You worshipped Cheibriados.
Cheibriados was extremely pleased with you.
You were not hungry.

You visited 1 branch of the dungeon, and saw 12 of its levels.
You also visited: Labyrinth and Bailey.

You collected 910 gold pieces.
You spent 539 gold pieces at shops.

Inventory:

Hand Weapons
 j - a +0 flail of protection
 C - a +3 morningstar (weapon)
 U - the +0 hunting sling of the Blessed Realm {flame, rPois Str-2 Dex+2}
   (You found it in a labyrinth)

   It causes projectiles fired from it to burn those they strike, causing extra
   injury to most foes and up to half again as much damage against particularly
   susceptible opponents.
   It affects your strength (-2).
   It affects your dexterity (+2).
   It protects you from poison.
 W - a +0 scimitar of flaming
Missiles
 w - 2 poisoned javelins
 y - 2 javelins (quivered)
Armour
 b - a +1 scale mail
 c - a +0 shield
 k - a +1 cloak (worn)
 o - a +1 pair of gloves of dexterity (worn)
 p - +0 fire dragon scales
 v - a +0 buckler (worn)
 J - a +2 pair of boots of flying (worn)
 K - a +0 helmet (worn)
 L - a +0 crystal plate armour
 M - the +3 plate armour of Ru's Vengeance (worn) {Int+3}
   (You found it in a labyrinth)

   It affects your intelligence (+3).
 V - a scarf of cloud immunity
Jewellery
 m - an uncursed ring of resist corrosion
 n - an uncursed ring of magical power
 r - a ring of protection from cold (right hand)
 I - a ring of protection from magic (left hand)
 N - a +4 ring of intelligence
 T - a +4 amulet of reflection (around neck)
Wands
 i - a wand of iceblast (9/15)
 F - a wand of polymorph (24/24)
 O - a wand of flame (22/48)
 P - a wand of confusion (5/48)
 Q - a wand of confusion (10/48)
 S - a wand of polymorph (8/24)
Scrolls
 a - 2 scrolls of identify
 e - 10 scrolls of remove curse
 h - 2 scrolls of fog
 l - a scroll of magic mapping
 u - a scroll of amnesia
 z - 2 scrolls of recharging
 B - 4 scrolls of teleportation
Potions
 d - a potion of mutation
 g - a potion of brilliance
 t - 2 potions of resistance
 x - 2 potions of might
 A - 2 potions of agility
 G - a potion of curing
Books
 D - a book of Cantrips

   Spells                             Type                      Level
   a - Confusing Touch                Hexes                        1
   b - Animate Skeleton               Necromancy                   1
   c - Summon Small Mammal            Summoning                    1
   d - Apportation                    Translocation                1
 R - the Handbook of Scorching Toxins
   (You found it in a labyrinth)

   Spells                             Type                      Level
   a - Mephitic Cloud                 Conjuration/Poison/Air       3
   b - Inner Flame                    Hexes/Fire                   3
   c - Venom Bolt                     Conjuration/Poison           5
Comestibles
 f - 6 bread rations
 q - 7 fruits
 s - 9 royal jellies
 E - 2 meat rations
 H - 19 chunks of flesh


   Skills:
 + Level 11.7 Fighting
 + Level 10.6 Maces & Flails
 - Level 3.0 Throwing
 - Level 11.0 Armour
 - Level 3.6 Dodging
 + Level 6.4 Shields
 + Level 11.0 Invocations
 + Level 3.7 Evocations


You had 12 spell levels left.
You didn't know any spells.

Dungeon Overview and Level Annotations

Branches:
Dungeon (12/15)            Temple (0/1) D:4            Lair (0/6) D:11
    Orc (0/2) D:12

Altars:
Cheibriados
Dithmenos
Fedhas
Okawaru
Ru
Sif Muna
Uskayaw
Vehumet
Zin
The Shining One

Shops:
D:4 :   D:9 *


Innate Abilities, Weirdness & Mutations

You are resistant to torment.
Your stone body is resilient. (AC +9)
You are immune to poison.
You resist negative energy. (rN+)
You are resistant to electric shocks. (rElec)
You can survive without breathing.
You are immune to petrification.
You are immune to rotting.


Message History

Cheibriados appreciates the change of pace.
The hell knight hits you from afar with a demon trident of piercing!
* * * LOW HITPOINT WARNING * * *
x2 The cyclops simulacrum hits you but does no damage.
The komodo dragon bites you but does no damage.
The wizard howls an incantation.
You feel troubled.
You hit the wizard.
You kill the wizard!
Cheibriados appreciates the change of pace.
A freezing mist starts to gather...
A wizard simulacrum comes into view.
The komodo dragon's soul is no longer bound.
You block the hell knight's attack. The komodo dragon barely misses you.
You hit the komodo dragon.
The komodo dragon is almost dead.
The hell knight hits you but does no damage.
You block the cyclops simulacrum's attack.
The komodo dragon bites you!
You die...

# #.#.# #)#...#
####.#.# #.##..#
..##.#.# ##..#..#
#.##.#.# ..#.(##..#
..##.#.# ..#.##.(.#
..##.#.# ###.#.#.(.##
..##.#.# #.#.###..##
..##.#.## #.#.##..##
..##.#.##.#.#..Z@##
..##.#.##.#'#.pl)#
..##.#.##....(Z.## .
..##.#.###.....## ...
..##.#.# #.....##h.lp.
..##.#.####....+Gh..p.
..##.#.#..#....###...(
#.##.#.#..#....## §
#.##.#.#..#.....##


You could see a hell knight, a komodo dragon, a cyclops simulacrum and a wizard
simulacrum.

Vanquished Creatures
  A minotaur (Lab)
  A great orb of eyes (D:12)
  2 two-headed ogres
  4 skeletal warriors (D:11)
  2 hell knights (D:12)
  A wizard (D:12)
  Pikel (D:4)
  2 orc knights (Bailey)
  A deep elf mage (D:12)
  3 necromancers (D:12)
  A cyclops (D:12)
  2 rust devils (D:12)
  An orange demon (D:12)
  A kobold demonologist (D:12)
  2 rime drakes (D:12)
  2 trolls
  5 hippogriffs
  The ghost of kazuo256 the Digger, an amateur GrEE (D:5)
  2 redbacks (Lab)
  4 hogs (D:9)
  2 wyverns
  A wraith (D:12)
  A human (D:9)
  7 hungry ghosts
  12 yaks
  Menkaure (D:4)
  2 wargs (D:11)
  7 hell hounds (D:12)
  A water moccasin (D:10)
  9 orc warriors
  A sky beast (D:12)
  4 ice beasts
  An eye of draining (D:12)
  10 ogres
  3 necrophages
  4 centaurs
  A crocodile (D:12)
  2 big kobolds
  9 bullfrogs
  A wyvern zombie (D:7)
  5 scorpions
  17 killer bees
  8 wights
  3 crimson imps
  2 bullfrog zombies
  2 hounds
  2 bullfrog skeletons
  10 orc priests
  3 gnoll shamans
  4 jellies
  15 orc wizards
  3 centaur skeletons
  9 iguanas
  12 worker ants
  2 hound zombies
  2 hound skeletons
  2 worker ant zombies
  45 gnolls
  18 adders
  7 shadow imps
  2 oozes
  An adder zombie (D:6)
  An adder skeleton (D:5)
  3 worms
  5 dart slugs
  8 leopard geckos
  69 orcs
  2 ball pythons
  12 bats
  2 giant cockroaches
  8 goblins
  9 hobgoblins
  25 jackals
  7 quokkas
  6 frilled lizards
  12 kobolds
  2 leopard gecko skeletons
  10 rats
  2 fungi (D:10)
475 creatures vanquished.

Vanquished Creatures (others)
  2 slaves (D:4)
  7 gnolls
  7 fungi (D:10)
16 creatures vanquished.

Grand Total: 491 creatures vanquished

Notes
Turn   | Place    | Note
-------+----------+-------------------------------------------
     0 | D:1      | Golfball the Gargoyle Fighter began the quest for the Orb.
     0 | D:1      | Reached XP level 1. HP: 14/14 MP: 1/1
    74 | D:1      | Reached XP level 2. HP: 16/19 MP: 2/2
   401 | D:1      | Reached XP level 3. HP: 23/24 MP: 3/3
   715 | D:2      | Found a snail-covered altar of Cheibriados.
   727 | D:2      | Became a worshipper of Cheibriados the Contemplative
   791 | D:2      | Reached XP level 4. HP: 30/30 MP: 4/4
   793 | D:2      | Found a glowing silver altar of Zin.
  1450 | D:3      | Found a hide-covered altar of Uskayaw.
  1545 | D:3      | Reached XP level 5. HP: 34/34 MP: 5/5
  1546 | D:3      | Reached skill level 5 in Fighting
  1551 | D:3      | Reached * piety under Cheibriados
  2199 | D:4      | Found Ranecoh's Book Emporium.
  2216 | D:4      | Reached skill level 1 in Invocations
  2216 | D:4      | Reached XP level 6. HP: 33/40 MP: 6/6
  2489 | D:4      | Reached XP level 7. HP: 40/45 MP: 8/8
  2645 | D:4      | Reached ** piety under Cheibriados
  2891 | D:4      | Found a radiant altar of Vehumet.
  2896 | D:4      | Noticed Menkaure
  2904 | D:4      | Killed Menkaure
  2904 | D:4      | Reached skill level 5 in Armour
  3164 | D:4      | Reached *** piety under Cheibriados
  3211 | D:4      | Reached XP level 8. HP: 35/52 MP: 10/10
  3221 | D:4      | Noticed Pikel
  3221 | D:4      | Reached skill level 5 in Maces & Flails
  3267 | D:4      | Killed Pikel
  3593 | D:4      | Reached skill level 5 in Shields
  3615 | D:4      | Found a staircase to the Ecumenical Temple.
  3852 | D:5      | Entered Level 5 of the Dungeon
  3934 | D:5      | Noticed kazuo256's ghost (amateur GrEE)
  3944 | D:5      | Killed kazuo256's ghost
  3944 | D:5      | Reached skill level 5 in Invocations
  3944 | D:5      | Reached XP level 9. HP: 49/57 MP: 12/12
  3960 | D:5      | Reached skill level 1 in Throwing
  4023 | D:5      | Reached **** piety under Cheibriados
  4677 | D:6      | Found an iron altar of Okawaru.
  4764 | D:6      | Found a deep blue altar of Sif Muna.
  5391 | D:7      | Reached ***** piety under Cheibriados
  5781 | D:7      | Reached skill level 1 in Evocations
  5781 | D:7      | Reached XP level 10. HP: 59/64 MP: 14/14
  6190 | D:8      | Noticed a two-headed ogre
  6412 | D:8      | Killed a two-headed ogre
  6523 | D:8      | Got a pair of shimmering gloves
  6534 | D:8      | Identified the +0 pair of gloves of Liapp {rElec} (You found it on level 8 of the Dungeon)
  7185 | D:9      | Found Notsy's Assorted Antiques.
  7199 | D:9      | Bought a twisted cabochon ring for 135 gold pieces
  7199 | D:9      | Bought a pair of glowing gloves for 202 gold pieces
  7199 | D:9      | Bought a scroll of enchant armour for 202 gold pieces
  7344 | D:9      | Found a sacrificial altar of Ru.
  7408 | D:9      | Reached skill level 1 in Dodging
  7866 | D:9      | Reached XP level 11. HP: 65/71 MP: 16/16
  8021 | D:10     | Entered Level 10 of the Dungeon
  8170 | D:10     | Reached ****** piety under Cheibriados
  9370 | D:11     | Found a staircase to the Lair.
  9618 | D:11     | Found a blossoming altar of Fedhas.
  9663 | D:11     | Found a flagged portal.
  9670 | Bailey   | Entered a bailey
  9772 | Bailey   | Reached skill level 10 in Fighting
 10014 | Bailey   | Noticed an orc knight
 10353 | Bailey   | Killed an orc knight
 10401 | Bailey   | Noticed an orc knight
 10410 | Bailey   | Killed an orc knight
 10533 | D:11     | Noticed a two-headed ogre
 10539 | D:11     | Killed a two-headed ogre
 10539 | D:11     | Reached XP level 12. HP: 78/78 MP: 17/19
 10586 | D:11     | Reached skill level 10 in Armour
 11252 | D:12     | Found a shadowy altar of Dithmenos.
 11356 | D:12     | Found a labyrinth entrance.
 11367 | D:12     | Found a staircase to the Orcish Mines.
 11385 | Lab      | Entered a labyrinth
 11865 | Lab      | Got a scorched tin ring
 11867 | Lab      | Identified the ring "Caoloyp" {Wiz Int+3} (You found it in a labyrinth)
 12633 | Lab      | Got a slimy plate armour
 12638 | Lab      | Reached skill level 10 in Invocations
 12657 | Lab      | Identified the +3 plate armour of Ru's Vengeance {Int+3} (You found it in a labyrinth)
 12874 | Lab      | Noticed a minotaur
 12880 | Lab      | Killed a minotaur
 12881 | Lab      | Identified the Handbook of Scorching Toxins
 12883 | Lab      | Got a scorched hunting sling
 12886 | Lab      | Identified the cursed +0 hunting sling of the Blessed Realm {flame, rPois Str-2 Dex+2} (You found it in a labyrinth)
 13404 | D:12     | Reached skill level 10 in Maces & Flails
 13628 | D:12     | Found a glowing golden altar of the Shining One.
 14105 | D:12     | Found a runed door.
 14158 | D:12     | Noticed a hell knight
 14158 | D:12     | Noticed a great orb of eyes
 14201 | D:12     | Reached XP level 13. HP: 84/84 MP: 21/21
 14243 | D:12     | Killed a great orb of eyes
 14248 | D:12     | Slain by a komodo dragon

Skill      XL: |  1  2  3  4  5  6  7  8  9 10 11 12 13 |
---------------+----------------------------------------+-----
Fighting       | 4 5 6 7 8 9 10 11 | 11.7
Maces & Flails | 3 4 5 6 7 9 10 | 10.6
Armour         | 4 5 6 7 8 9 11 | 11.0
Invocations    | 1 2 3 5 6 7 9 10 11 | 11.0
Shields        | 5 6 |  6.4
Throwing       | 3 |  3.0
Evocations     | 1 3 |  3.7
Dodging        | 1 3 |  3.6

Action                   |  1- 3 |  4- 6 |  7- 9 | 10-12 | 13-15 || total
-------------------------+-------+-------+-------+-------+-------++-------
Melee: Flail             |   111 |   180 |   527 |   201 |       ||  1019
       Morningstar       |       |       |       |   619 |    15 ||   634
Throw: Javelin           |       |       |       |     2 |       ||     2
Invok: Slouch            |       |       |       |     7 |     2 ||     9
  Use: Scroll            |     7 |     5 |     5 |     6 |       ||    23
       Potion            |       |     3 |     2 |     2 |     1 ||     8
  Eat: Chunk             |       |     5 |     6 |    12 |       ||    23
       Meat ration       |       |       |       |     5 |       ||     5
       Bread ration      |       |       |       |     1 |       ||     1
       Fruit             |       |       |       |     1 |       ||     1
Armor: Scale mail        |    60 |   103 |   339 |   410 |       ||   912
       Crystal plate arm |       |       |       |    82 |       ||    82
       Plate armour      |       |       |       |    89 |    17 ||   106
Dodge: Dodged            |    36 |    51 |   235 |   605 |    14 ||   941
Block: Shield            |    63 |    91 |   214 |       |       ||   368
       Buckler           |       |       |    89 |   448 |    19 ||   556
       Reflection        |       |       |       |       |     1 ||     1
